 Dungeon Sprint DCSS version 0.27-a0-1188-g73eefd5def (webtiles) character file.

Game seed: 2738385294414874340

989 mhtbhm the Geomancer (level 7, -4/36 HPs)
             Began as a Deep Elf Earth Elementalist on May 20, 2021.
             Was a High Priest of Vehumet.
             Slain by a swamp dragon (10 damage)
             ... in the Dungeon (Sprint VII: "The Pits").
             The game lasted 00:02:38 (615 turns).

mhtbhm the Geomancer (Deep Elf Earth Elementalist)   Turns: 615, Time: 00:02:39

Health: -4/36      AC:  3    Str:  5    XL:     7   Next: 98%
Magic:  15/24      EV: 15    Int: 22    God:    Vehumet [*****.]
Gold:   0          SH:  0    Dex: 15    Spells: 15/30 levels left

rFire    . . .     SeeInvis .   l - +2 trident (vamp)
rCold    . . .     Faith    .   (no shield)
rNeg     . . .     Spirit   .   c - +0 robe
rPois    .         Reflect  .   (no helmet)
rElec    .         Harm     .   m - +0 cloak
rCorr    .         Rampage  .   (no gloves)
Will     .....     NoTele   +   (no boots)
Stlth    ++++......             (no amulet)
HPRegen  0.12/turn              (no ring)
MPRegen  0.19/turn              (no ring)

@: lethally poisoned (-4 -> -29)
A: no striking features
a: Renounce Religion


You were in the Dungeon.
You worshipped Vehumet.
Vehumet was extremely pleased with you.
You visited 1 branch

Inventory:

Hand Weapons
 l - a +2 vampiric trident (weapon)
Missiles
 b - 36 stones
Armour
 c - a +0 robe (worn)
 m - a +0 cloak (worn)
Scrolls
 i - a scroll of blinking
 j - 5 scrolls of amnesia
 k - a scroll of summoning
Potions
 a - 2 potions of invisibility
 d - 4 potions of curing
 e - 6 potions of heal wounds
 f - a potion of haste
 g - 4 potions of magic
 h - 3 potions of berserk rage


   Skills:
 + Level 0.2 Fighting
 + Level 6.3 Dodging
 + Level 7.3 Stealth
 + Level 12.0 Spellcasting
 + Level 1.2 Conjurations
 + Level 3.0 Transmutations
 + Level 13.6 Earth Magic


You had 15 spell levels left.
You knew the following spells:

 Your Spells              Type           Power      Damage    Failure   Level
a - Sandblast             Erth           100%       2d20      0%          1
b - Passwall              Tmut/Erth      41%        N/A       1%          2
c - Stone Arrow           Conj/Erth      92%        3d12      1%          3
d - Lee's Rapid Deconstr  Erth           32%        3d18*     1%          5
e - Petrify               Tmut/Erth      50%        N/A       1%          4

Your spell library contained the following spells:

 Spells                   Type           Power      Damage    Failure   Level
 Conjure Flame            Conj/Fire      15%        6-21      3%          3


Dungeon Overview and Level Annotations

Branches:
Dungeon (1/1)

Altars:
Ashenzari
Cheibriados
Dithmenos
Elyvilon
Fedhas
Gozag
Hepliaklqana
Kikubaaqudgha
Makhleb
Nemelex Xobeh
Okawaru
Qazlal
Ru
Sif Muna
Trog
Uskayaw
Vehumet
Wu Jian
Xom
Yredelemnul
Zin
The Shining One
Beogh
Jiyva
Lugonu


Message History

You are lethally poisoned!
You feel extremely sick.
Things that are here:
a +0 spear; a +0 scale mail; a gnoll corpse Unknown command.
You feel better.
You are engulfed in poison gas.
You are poisoned.
You feel very sick.
Unknown command.
You feel better.
The swamp dragon breathes poison at you.
The blast of poison misses you.
Unknown command.
Casting: Lee's Rapid Deconstruction (safe; 1% risk of failure)
Confirm with . or Enter, or press ? or * to list all spells.
Aiming: Lee's Rapid Deconstruction (safe; 1% risk of failure)
Press: ? - help, Dir - move target A metal wall.
The metal wall shatters!
The blast of metal fragments hits the swamp dragon!!!
The swamp dragon is almost dead.
You are engulfed in poison gas.
You are poisoned.
You feel very sick.
Unknown command.
Unknown command.
Casting: Lee's Rapid Deconstruction (safe; 1% risk of failure)
Confirm with . or Enter, or press ? or * to list all spells.
Aiming: Lee's Rapid Deconstruction (safe; 1% risk of failure)
Press: ? - help, Dir - move target An open door.
The stone door frame shatters!
The blast of rock fragments hits the swamp dragon but does no damage.
The swamp dragon is almost dead.
Vehumet accepts your kill.
Vehumet offers you knowledge of Conjure Flame.
You feel your power returning.
You feel a bit more experienced.
You are engulfed in poison gas.
You are lethally poisoned!
* * * LOW HITPOINT WARNING * * *
You feel extremely sick. The swamp dragon barely misses you.
The swamp dragon claws you!
You die...

#.#..#..#))##.......#
#.#..#..#..##.......#
#.##'#..#'###...<...#
#.#........##.......#
#.#........##.......#
#'###########.......#
#.......#†) #########
#..#.#..#.# ###
#)##.##.#@# ...#
#.......#D#....#
#.##.##.#°'☼D..+
#..#.#..#'#....#
#.......'.#....#
########### ####


You could see a swamp dragon (catching breath).

Vanquished Creatures
  A two-headed ogre (D)
  A flying skull (D)
  A wyvern (D)
  A fire bat (D)
  3 floating eyes (D)
  A kobold brigand (D)
  A gnoll sergeant (D)
  Crazy Yiuf (D)
  A jelly (D)
  A mummy (D)
  A gnoll (D)
  A river rat (D)
  An ufetubus (D)
  A worm (D)
  An orc (D)
  A goblin (D)
  A quokka (D)
  2 ball python skeletons (D)
  A ball python zombie (D)
  A rat (D)
23 creatures vanquished.

Notes
Turn   | Place    | Note
-------+----------+-------------------------------------------
     0 | D        | mhtbhm the Deep Elf Earth Elementalist began the quest for
                  | the Orb.
     0 | D        | Reached XP level 1. HP: 10/10 MP: 6/6
    23 | D        | Found a bloodstained altar of Trog.
    23 | D        | Found a shimmering blue altar of Sif Muna.
    23 | D        | Found a viscous altar of Jiyva.
    23 | D        | Found a hazy altar of Hepliaklqana.
    23 | D        | Found an opulent altar of Gozag.
    24 | D        | Found a glowing golden altar of the Shining One.
    24 | D        | Found a glowing silver altar of Zin.
    24 | D        | Found a basalt altar of Yredelemnul.
    24 | D        | Found a shimmering altar of Xom.
    24 | D        | Found an ornate altar of the Wu Jian Council.
    24 | D        | Found a sacrificial altar of Ru.
    24 | D        | Found a stormy altar of Qazlal.
    24 | D        | Found an iron altar of Okawaru.
    24 | D        | Found a sparkling altar of Nemelex Xobeh.
    24 | D        | Found a burning altar of Makhleb.
    24 | D        | Found a blossoming altar of Fedhas.
    24 | D        | Found a white marble altar of Elyvilon.
    24 | D        | Found a shadowy altar of Dithmenos.
    24 | D        | Found a snail-covered altar of Cheibriados.
    26 | D        | Found a radiant altar of Vehumet.
    26 | D        | Found a corrupted altar of Lugonu.
    27 | D        | Found a hide-covered altar of Uskayaw.
    27 | D        | Found an ancient bone altar of Kikubaaqudgha.
    27 | D        | Found a broken altar of Ashenzari.
    34 | D        | Became a worshipper of Vehumet
    76 | D        | Noticed a floating eye
    77 | D        | Killed a floating eye
    78 | D        | Reached skill level 8 in Earth Magic
    78 | D        | Reached XP level 2. HP: 15/15 MP: 6/11
    78 | D        | Reached XP level 3. HP: 19/19 MP: 6/12
    78 | D        | Reached XP level 4. HP: 24/24 MP: 7/14
    82 | D        | Learned a level 2 spell: Passwall
    86 | D        | Learned a level 3 spell: Stone Arrow
   142 | D        | Noticed a floating eye
   143 | D        | Killed a floating eye
   143 | D        | Reached * piety under Vehumet
   143 | D        | Offered knowledge of Freeze by Vehumet.
   144 | D        | Reached skill level 5 in Dodging
   144 | D        | Reached skill level 5 in Stealth
   144 | D        | Reached skill level 9 in Earth Magic
   144 | D        | Reached XP level 5. HP: 28/28 MP: 14/17
   151 | D        | Learned a level 5 spell: Lee's Rapid Deconstruction
   156 | D        | Learned a level 4 spell: Petrify
   158 | D        | Reached skill level 10 in Earth Magic
   230 | D        | Reached ** piety under Vehumet
   252 | D        | Noticed a fire bat
   253 | D        | Killed a fire bat
   254 | D        | Reached skill level 11 in Earth Magic
   254 | D        | Reached XP level 6. HP: 32/32 MP: 16/20
   365 | D        | Offered knowledge of Magic Dart by Vehumet.
   365 | D        | Reached *** piety under Vehumet
   392 | D        | Noticed a floating eye
   394 | D        | Paralysed by a floating eye for 3 turns
   401 | D        | Paralysed by a floating eye for 4 turns
   408 | D        | Killed a floating eye
   409 | D        | Reached skill level 10 in Spellcasting
   409 | D        | Reached skill level 12 in Earth Magic
   409 | D        | Reached XP level 7. HP: 36/36 MP: 20/22
   430 | D        | Noticed Crazy Yiuf
   444 | D        | Reached **** piety under Vehumet
   482 | D        | Killed Crazy Yiuf
   482 | D        | Offered knowledge of Dazzling Flash by Vehumet.
   581 | D        | Noticed a wyvern
   582 | D        | Killed a wyvern
   607 | D        | Reached ***** piety under Vehumet
   608 | D        | Reached skill level 1 in Conjurations
   608 | D        | Reached skill level 13 in Earth Magic
   608 | D        | Noticed a flying skull
   608 | D        | Noticed a swamp dragon
   608 | D        | Noticed a two-headed ogre
   609 | D        | Killed a flying skull
   615 | D        | Killed a two-headed ogre
   615 | D        | Offered knowledge of Conjure Flame by Vehumet.
   615 | D        | Slain by a swamp dragon

Illustrated notes

Levels and vault maps discovered:
D:        pitsprint [storerooms_1, entrance_room_1, metal_vault_6, armoury_1,
          mini_pit_1, grid_room_1, main_hall_1, silver_pit, the_coven_1,
          the_vestibule_1, steel_vault_4, golden_pit, hallway_of_sentries,
          crystal_vault_4, iron_vault_5, final_vault]

Skill      XL: |  1  2  3  4  5  6  7 |
---------------+----------------------+-----
Dodging        | 4 5 6 |  6.3
Stealth        | 4 5 6 7 |  7.3
Spellcasting   | 6 7 9 10 12 | 12.0
Earth Magic    | 8 9 11 12 13 | 13.6
Transmutations | 3 |  3.0
Conjurations   | 1 |  1.2
Fighting       | |  0.2

Action                   |  1- 3 |  4- 6 |  7- 9 || total
-------------------------+-------+-------+-------++-------
 Cast: Sandblast         |     2 |     2 |       ||     4
       Lee's Rapid Decon |       |     5 |     7 ||    12
       Stone Arrow       |       |     2 |       ||     2
       Petrify           |       |       |     3 ||     3
  Use: Potion            |       |       |     2 ||     2
Dodge: Dodged            |       |       |     5 ||     5

Table legend: (Time is in decaauts)
 A = Elapsed time spent in this place.
 B = Non-inter-level travel time spent in this place.
 C = Inter-level travel time spent in this place.
 D = Time resting spent in this place.
 E = Time spent auto-exploring this place.
 F = Levels seen in this place.
 G = Mean time per level.
                   A        B        C        D        E       F      G
               +--------+--------+--------+--------+--------+-----+--------+
         Total |    614 |    614 |      0 |    321 |     22 |   1 |  614.0 |
       Dungeon |    614 |    614 |      0 |    321 |     22 |   1 |  614.0 |
               +--------+--------+--------+--------+--------+-----+--------+

Top non-repeatable levels by time:
       D: 614 daAuts
